 Dungeon Crawl Stone Soup version 0.26-a0-651-gb41185065b (webtiles) character file.

Game seed: 11594264022201156441

152 gbos the Chiller (level 5, -2/38 HPs)
             Began as a Ghoul Ice Elementalist on Oct 16, 2020.
             Slain by Sigmund
             ... wielding a +0 scythe
              (6 damage)
             ... on level 3 of the Dungeon.
             The game lasted 00:05:46 (4088 turns).

gbos the Chiller (Ghoul Ice Elementalist)           Turns: 4088, Time: 00:05:47

Health: -2/38      AC:  2    Str: 12    XL:     5   Next: 34%
Magic:  1/6        EV: 13    Int: 11    God:
Gold:   151        SH:  0    Dex:  9    Spells: 3/7 levels left

rFire    . . .     SeeInvis .   (no weapon)
rCold    + . .     Faith    .   (no shield)
rNeg     + + +     Spirit   .   a - +0 robe
rPois    ∞         Reflect  .   (no helmet)
rElec    .         Harm     .   (no cloak)
rCorr    .         Rampage  .   (no gloves)
MR       .....                  (no boots)
Stlth    ++........             (no amulet)
HPRegen  0.00/turn              (no ring)
MPRegen  0.10/turn              (no ring)

@: frozen ramparts
A: rotting body, claws 1, cold resistance 1, negative energy resistance 3,
inhibited regeneration, torment resistance, unbreathing
a: no special abilities


You were on level 3 of the Dungeon.
You visited 1 branch of the dungeon, and saw 3 of its levels.

You collected 151 gold pieces.


Innate Abilities, Weirdness & Mutations

Your body is rotting away.
You thrive by killing the living.
You are immune to poison.
You have sharp fingernails.
Your flesh is cold resistant. (rC+)
You are immune to negative energy. (rN+++)
You do not regenerate when monsters are visible.
You are immune to unholy pain and torment.
You can survive without breathing.


   Skills:
 + Level 3.6 Dodging
 - Level 2.1 Stealth
 - Level 1.7 Spellcasting
 + Level 5.9 Ice Magic


You had 3 spell levels left.
You knew the following spells:

 Your Spells              Type           Power        Failure   Level
y - Frozen Ramparts       Ice            ##....       8%          3
z - Freeze                Ice            ##..         2%          1

Your spell library contained the following spells:

 Spells                   Type           Power        Failure   Level
 Ozocubu's Armour         Ice            ##......     8%          3
 Hailstorm                Conj/Ice       #.......     65%         4
 Summon Ice Beast         Ice/Summ       #.......     65%         4

Inventory:

Armour
 a - a +0 robe (worn)
Jewellery
 d - an uncursed ring of protection from magic {unknown}
 h - a +4 ring of evasion {unknown}
 k - an uncursed ring of protection from fire {unknown}
Scrolls
 c - a scroll of fear {unknown}
 e - 2 scrolls of teleportation {unknown}
 i - a scroll of amnesia {unknown}
 m - a scroll of identify {unknown}
Potions
 b - 3 potions of flight {unknown}
 f - a potion of degeneration {unknown}
 g - a potion of invisibility {unknown}
 j - a potion of haste {unknown}
 l - a potion of resistance {unknown}

Dungeon Overview and Level Annotations

Branches:
Dungeon (3/15)

Altars:
Fedhas

Annotations:
D:2 1 runed translucent door, Crazy Yiuf
D:3 Sigmund

▒...▒ ▒.▒
▒...▒▒▒ ▒.▒
▒..... ▒.▒
▒....▒▒▒▒▒▒.▒
▒....▒......▒
▒≈≈≈.▒..▒...▒
▒.≈..▒...≈▒.▒▒▒
▒..▒..<.≈≈▒.▒<▒
▒▒n▒.▒▒≈≈.▒.▒.▒
▒J▒≈..≈..▒.▒.▒
{..≈▒▒.▒▒▒.▒.▒
.[..≈≈..≈
.▒.▒....
......≈▒.≈
▒)▒....
......?≈≈.≈.
▒.▒....
.........≈≈
▒.▒....
..........▒≈▒
▒.▒.... ▒.▒....


You could see an ooze.


Message History

The wall freezes Sigmund.
Sigmund casts a spell at you. You resist with some effort.
The wall freezes Sigmund.
Sigmund closely misses you.
The wall freezes the ooze.
The wall freezes Sigmund.
Sigmund closely misses you.
The frozen ramparts melt away.
The ooze hits you.
* * * LOW HITPOINT WARNING * * *
Sigmund mumbles some strange words.
Sigmund flickers and vanishes!
Deactivating autopickup; reactivate with Ctrl-A.
The ooze hits you.
* * * LOW HITPOINT WARNING * * *
Unknown command.
The walls around you are covered in ice.
* * * LOW MAGIC WARNING * * *
The wall freezes something.
Something hits you!
* * * LOW HITPOINT WARNING * * *
The wall freezes the ooze.
The ooze hits you.
* * * LOW HITPOINT WARNING * * *
The wall freezes the ooze.
The ooze barely misses you.
The wall freezes something.
Something hits you.
You die...

Action                   |  1- 3 |  4- 6 || total
-------------------------+-------+-------++-------
Melee: Unarmed           |   127 |    77 ||   204
 Cast: Freeze            |    11 |    30 ||    41
       Frozen Ramparts   |     2 |     4 ||     6
 Stab: Sleeping          |     3 |     2 ||     5
       Distracted        |       |     1 ||     1
Armor: Robe              |    27 |    22 ||    49
Dodge: Dodged            |   105 |    86 ||   191

Levels and vault maps discovered:
D:1:      giann_forest_graveyard, layout_basic, minmay_tromino_v4_b
D:2:      layout_rooms, serial_bayou_lake_a, uniq_crazy_yiuf_cottage
D:3:      layout_basic, serial_rivers, chequers_serial_rivers_room_b,
          chequers_serial_rivers_room_a, chequers_serial_rivers_large_a,
          chequers_serial_rivers_small_b, chequers_serial_rivers_room_b,
          chequers_serial_rivers_micro_d, fedhas_altar_1, uniq_robin,
          uniq_sigmund

Notes
Turn   | Place    | Note
-------+----------+-------------------------------------------
     0 | D:1      | gbos the Ghoul Ice Elementalist began the quest for the
                  | Orb.
     0 | D:1      | Reached XP level 1. HP: 14/14 MP: 2/2
    66 | D:1      | Reached skill level 2 in Dodging
   203 | D:1      | Reached XP level 2. HP: 20/20 MP: 3/3
   414 | D:1      | Reached XP level 3. HP: 16/26 MP: 4/4
   577 | D:1      | Learned a level 3 spell: Frozen Ramparts
   940 | D:1      | Reached skill level 5 in Ice Magic
  1208 | D:2      | HP: 7/26 [goblin/+0 club (4)]
  1615 | D:2      | HP: 3/26 [worm (5)]
  2113 | D:2      | Reached XP level 4. HP: 28/33 MP: 0/5
  2202 | D:2      | Found a runed translucent door.
  2203 | D:2      | Noticed Crazy Yiuf
  2246 | D:2      | Reached skill level 3 in Dodging
  2519 | D:2      | HP: 9/33 [jackal (1)]
  3363 | D:3      | Reached XP level 5. HP: 38/38 MP: 6/6
  3366 | D:3      | Found a blossoming altar of Fedhas.
  3747 | D:3      | HP: 10/38 [bullfrog skeleton (5)]
  4073 | D:3      | Noticed Sigmund
  4087 | D:3      | HP: 5/38 [something (15)]
  4088 | D:3      | Slain by Sigmund

Vanquished Creatures
  A bullfrog skeleton (D:3)
  6 adders
  2 worms (D:2)
  2 dart slugs (D:1)
  A giant cockroach (D:1)
  12 goblins
  5 hobgoblins
  6 jackals
  6 kobolds
  9 bats
  5 frilled lizards
  10 rats
65 creatures vanquished.

Vanquished Creatures (others)
  18 plants (D:2)
18 creatures vanquished.

Grand Total: 83 creatures vanquished
